 Dungeon Crawl Stone Soup version 0.30-a0-341-g682706514a (webtiles) character file.

Game seed: 4186602765517409230

2172 HarveyMantaco the Stinger (level 9, -5/54 HPs)
             Began as a Human Transmuter on Nov 4, 2022.
             Was a Priest of Hepliaklqana.
             Killed from afar by Maurice (16 damage)
             ... with a bolt of acid
             ... on level 8 of the Dungeon.
             The game lasted 00:25:42 (8025 turns).

HarveyMantaco the Stinger (Human Transmuter)        Turns: 8025, Time: 00:25:43

Health: -5/54      AC: -6    Str: 10    XL:     9   Next: 58%
Magic:  10/12      EV: 21    Int: 24    God:    Hepliaklqana [***...]
Gold:   156        SH:  0    Dex: 19    Spells: 3/12 levels left

rFire   . . .      SeeInvis .      - Unarmed
rCold   + . .      Faith    .    (shield currently unavailable)
rNeg    . . .      Spirit   .    (body armour currently unavailable)
rPois   x          Reflect  .    (helmet currently unavailable)
rElec   .          Harm     .    (cloak currently unavailable)
rCorr   .          Rampage  .    (gloves currently unavailable)
Will    .....                    (boots currently unavailable)
Stlth   ++........               (no amulet)
HPRegen 0.29/turn                d - ring of protection from cold
MPRegen 0.13/turn                v - +6 ring of intelligence

@: spider-form, weak-willed, wereblooded, corroded
A: venomous fangs, reduced essence, tiny
a: End Transformation, Renounce Religion, Recall Ancestor, Ancestor Identity,
Transference


You were on level 8 of the Dungeon.
You worshipped Hepliaklqana.
Hepliaklqana was most pleased with you.
You were a venomous arachnid creature.
You visited 1 branch of the dungeon, and saw 8 of its levels.

You collected 275 gold pieces.
You spent 119 gold pieces at shops.

Inventory:

Hand Weapons
 s - a +0 spear of electrocution (melded)
Missiles
 m - 2 boomerangs of dispersal
 r - 4 throwing nets
Armour
 a - a +0 robe
 t - an orb of light
 u - a +0 helmet (melded)
 z - a +3 chain mail
 C - the +0 robe "Ujavvaej" (melded) {rC+ Str-4 Int+3}
   (You bought it in a shop on level 7 of the Dungeon)

   Str:       It affects your strength (-4).
   Int:       It affects your intelligence (+3).
   rC:        It protects you from cold.
Magical Staves
 j - a staff of death
Jewellery
 d - a ring of protection from cold (left front leg)
 v - a +6 ring of intelligence (right front leg)
Wands
 c - a wand of mindburst (7)
 x - a wand of charming (13)
 E - a wand of acid (4)
Scrolls
 b - 3 scrolls of identify
 i - a scroll of blinking
 k - 6 scrolls of teleportation
 l - 3 scrolls of magic mapping
 n - a scroll of enchant armour
 o - a scroll of noise {unknown}
 w - a scroll of summoning {unknown}
 y - a scroll of amnesia
 A - a scroll of poison {unknown}
 D - a scroll of fear {unknown}
Potions
 f - 2 potions of heal wounds
 g - a potion of degeneration {unknown}
 h - 3 potions of curing
 p - a potion of magic {unknown}
 q - a potion of haste {unknown}
 B - 3 potions of invisibility {unknown}


   Skills:
 - Level 2.0 Fighting
 - Level 3.8 Dodging
 - Level 3.0 Unarmed Combat
 - Level 2.0 Spellcasting
 + Level 4.7 Conjurations
 - Level 6.3 Transmutations
 + Level 4.6 Air Magic
 + Level 6.6 Poison Magic


You had 3 spell levels left.
You knew the following spells:

 Your Spells              Type           Power      Damage    Failure   Level
a - Beastly Appendage     Tmut           64%        N/A       4%          1
b - Spider Form           Tmut/Pois      33%        N/A       10%         3
c - Wereblood             Tmut           32%        N/A       6%          2
d - Mephitic Cloud        Conj/Pois/Air  28%        N/A       13%         3

Your spell library contained the following spells:

 Spells                   Type           Power      Damage    Failure   Level
 Magic Dart               Conj           100%       1d8       8%          1
 Ignite Poison            Fire/Tmut/Pois 23%        N/A       17%         3
 Apportation              Tloc           4%         N/A       28%         1
 Call Imp                 Summ           2%         N/A       38%         2
 Kindle Blastsparks       Fire/Tloc/Air  18%        2d11      38%         3
 Portal Projectile        Hex/Tloc       4%         N/A       56%         3
 Tukima's Dance           Hex            2%         N/A       56%         3
 Alistair's Intoxication  Tmut/Pois      22%        N/A       45%         5
 Blade Hands              Tmut           16%        N/A       47%         5
 Ice Form                 Ice/Tmut       17%        N/A       54%         4
 Freezing Cloud           Conj/Ice/Air   8%         6-21      85%         5
 Animate Dead             Necr           2%         N/A       89%         4
 Borgnjor's Vile Clutch   Necr/Erth      1%         N/A       99%         5
 Death Channel            Necr           1%         N/A       100%        6


Dungeon Overview and Level Annotations

Branches:
Dungeon (8/15)             Temple (0/1) D:5
   Lair: D:8-11

Altars:
Hepliaklqana
Makhleb
Qazlal
Sif Muna
Trog
The Shining One

Shops:
D:3 =   D:7 ([

Annotations:
D:5 1 runed translucent door, Crazy Yiuf
D:8 Maurice


Message History

Maurice is lightly wounded.
Maurice closely misses you.
You completely miss Maurice.
Maurice is lightly wounded.
Maurice closely misses you.
Unknown command.
You hit Maurice but do no damage.
Maurice is lightly wounded.
Maurice zaps a wand.
The bolt of acid misses you.
The bolt of acid hits Thamphthis!!
The acid corrodes Thamphthis!
You hit Maurice.
Maurice is poisoned.
Maurice is lightly wounded.
Maurice gestures wildly while chanting.
Maurice flickers and vanishes!
Deactivating autopickup; reactivate with Ctrl-A.
You hit something.
You hear some strange, mumbled words.
You hit something but do no damage.
You hear a zap.
A bolt of acid appears from out of thin air!
The bolt of acid hits you!! The acid corrodes you!
The bolt of acid hits Thamphthis!!
Thamphthis seems to be corroded for longer.
Thamphthis is destroyed!
You hear some strange, mumbled words.
You hit something but do no damage. Something closely misses you.
As you read the scroll labelled VESCHA UTIQEAN, it crumbles to dust.
Magic quickly surges around you.
It was a scroll of vulnerability.
You hear a zap.
A bolt of acid appears from out of thin air!
The bolt of acid hits you!
* * * LOW HITPOINT WARNING * * *
The acid corrodes you!
Blink to where?
Press: ? - help, Dir - move target
As you read the scroll of blinking, it crumbles to dust.
You hear a zap.
A bolt of acid appears from out of thin air!
The bolt of acid hits you!
You die...

>...#....# #.# ....#....#
#.# .........# #.#
.........# #.#
.........###########.###.#.#
...........................#
####.#'##.##########.###...#
#.#.##.# #.......# .#
#.#.##.# #s###.#.#
####.#.##.# #.# #)#.#
.))..#.##.# #.###.# #
######.##.# #.#.#.# #.##.#
#.#.#.# #.##.# #.{.#.#
#.##.########.#.#
#...........#.#.#
#########.######.#.#?#


There were no monsters in sight!

Vanquished Creatures
  A water moccasin (D:6)
  An ogre (D:4)
  2 scorpions (D:5)
  A wight (D:8)
  A killer bee (D:6)
  A howler monkey (D:5)
  A jelly (D:6)
  A gnoll bouda (D:4)
  4 hounds
  An orc wizard (D:5)
  Ijyb (D:3)
  An iguana (D:5)
  9 gnolls
  4 adders
  A white imp (D:7)
  A worm (D:3)
  A dart slug (D:3)
  12 orcs
  9 endoplasms
  3 giant cockroaches
  7 goblins
  6 hobgoblins
  5 kobolds
  8 quokkas
  10 ball pythons
  3 bats
  5 frilled lizards
  3 rats
103 creatures vanquished.

Vanquished Creatures (collateral kills)
  A water moccasin (D:5)
  A sky beast (D:7)
  An ogre (D:5)
  2 centaurs (D:7)
  2 bullfrogs
  2 scorpions (D:7)
  A wight (D:8)
  6 killer bees
  A jelly (D:6)
  A howler monkey (D:6)
  A hound (D:5)
  An orc priest (D:5)
  2 iguanas
  An orc wizard (D:7)
  A white imp (D:5)
  2 ufetubi
  8 orcs
  2 hobgoblins (D:4)
  A quokka (D:5)
  3 training dummies (D:7)
  2 goblins (D:4)
42 creatures vanquished.

Vanquished Creatures (others)
  A battlemage (D:8)
  2 ancestors (D:4)
3 creatures vanquished.

Grand Total: 148 creatures vanquished

Notes
Turn   | Place    | Note
-------+----------+-------------------------------------------
     0 | D:1      | HarveyMantaco the Human Transmuter began the quest for the
                  | Orb.
     0 | D:1      | Reached XP level 1. HP: 15/15 MP: 3/3
   102 | D:1      | Reached XP level 2. HP: 21/21 MP: 3/5
   248 | D:1      | Found a faded altar of an unknown god.
   480 | D:1      | Reached XP level 3. HP: 23/26 MP: 4/6
  1304 | D:2      | Learned a level 3 spell: Spider Form
  1378 | D:2      | Reached XP level 4. HP: 29/33 MP: 5/7
  1768 | D:2      | Learned a level 2 spell: Wereblood
  1779 | D:3      | HP: 1/33 [gnoll/+0 spear (8)]
  1780 | D:3      | Reached skill level 1 in Poison Magic
  1908 | D:3      | Found a hazy altar of Hepliaklqana.
  1916 | D:3      | Became a worshipper of Hepliaklqana the Forgotten
  2143 | D:3      | Reached XP level 5. HP: 22/38 MP: 4/8
  2218 | D:3      | Noticed Ijyb
  2233 | D:3      | Killed Ijyb
  2547 | D:3      | Found Poudus's Jewellery Emporium.
  3379 | D:4      | Reached * piety under Hepliaklqana
  3406 | D:4      | Reached XP level 6. HP: 36/39 MP: 5/9
  3446 | D:4      | Noticed an ogre
  3455 | D:4      | Killed an ogre
  3456 | D:4      | Reached skill level 5 in Transmutations
  3955 | D:4      | Reached XP level 7. HP: 22/45 MP: 8/10
  4140 | D:5      | Entered Level 5 of the Dungeon
  4230 | D:5      | Found a staircase to the Ecumenical Temple.
  4489 | D:5      | Reached ** piety under Hepliaklqana
  4492 | D:5      | Remembered your ancestor Thamphthis as a battlemage
  4537 | D:5      | Reached skill level 5 in Poison Magic
  4537 | D:5      | Reached XP level 8. HP: 50/50 MP: 7/11
  4541 | D:5      | Learned a level 3 spell: Mephitic Cloud
  4997 | D:5      | Reached skill level 1 in Conjurations
  4997 | D:5      | Reached skill level 1 in Air Magic
  5029 | D:5      | Found a stormy altar of Qazlal.
  5029 | D:5      | Found a glowing golden altar of the Shining One.
  5057 | D:5      | Found a bloodstained altar of Trog.
  5059 | D:5      | Found a shimmering blue altar of Sif Muna.
  5061 | D:5      | Found a burning altar of Makhleb.
  5101 | D:5      | Found a runed translucent door.
  5102 | D:5      | Noticed Crazy Yiuf
  6117 | D:6      | Reached XP level 9. HP: 54/54 MP: 8/12
  6750 | D:7      | Found Fychy's Firing Range.
  7434 | D:7      | Reached *** piety under Hepliaklqana
  7468 | D:7      | Found Baerch's Antique Armour Emporium.
  7472 | D:7      | Bought a dull robe for 119 gold pieces
  7472 | D:7      | Identified the +0 robe "Ujavvaej" {rC+ Str-4 Int+3} (You
                  | bought it in a shop on level 7 of the Dungeon)
  8000 | D:8      | Noticed Maurice
  8025 | D:8      | Killed from afar by Maurice

Illustrated notes

Levels and vault maps discovered:
D:1:      minmay_arrival_jagged, layout_basic, hellmonk_ecumenical_altar_blasted
D:2:      layout_rooms
D:3:      layout_loops_corners, nicolae_hepliaklqana_hazy_memory, serial_shops,
          nicolae_shop_advertising_works [nicolae_subvault_shop_adworks],
          uniq_ijyb
D:4:      layout_basic
D:5:      layout_loops_ring, chequers_temple_overflow_minitemple,
          temple_fountains, uniq_crazy_yiuf_cottage
D:6:      layout_loops_corners, hangedman_abyss_or_decor_lesser_grid
D:7:      layout_loops_corners, serial_shops, kennysheep_mini,
          nicolae_shop_firing_range
D:8:      layout_basic, uniq_erica, uniq_maurice, uniq_maggie

Skill      XL: |  1  2  3  4  5  6  7  8  9 |
---------------+----------------------------+-----
Transmutations | 3 4 5 6 |  6.3
Fighting       | 2 |  2.0
Poison Magic   | 1 2 3 5 6 |  6.6
Dodging        | 3 |  3.8
Conjurations   | 3 4 |  4.7
Air Magic      | 3 4 |  4.6
Unarmed Combat | |  3.0
Spellcasting   | |  2.0

Action                   |  1- 3 |  4- 6 |  7- 9 || total
-------------------------+-------+-------+-------++-------
Melee: Unarmed           |    10 |     4 |    13 ||    27
       Headbutt          |    15 |    16 |     7 ||    38
       Dagger            |    93 |    37 |       ||   130
       Kick              |    17 |    29 |     8 ||    54
       Punch             |     2 |     4 |     2 ||     8
       Halberd           |       |    10 |       ||    10
       Spear             |       |    88 |   102 ||   190
 Cast: Beastly Appendage |    22 |    23 |    23 ||    68
       Wereblood         |       |    13 |    29 ||    42
       Spider Form       |       |     1 |     3 ||     4
       Mephitic Cloud    |       |       |     1 ||     1
Invok: Recall Ancestor   |       |     1 |     1 ||     2
       Ancestor Life: Ba |       |       |     1 ||     1
Evoke: Wand              |       |     5 |       ||     5
  Use: Potion            |       |     2 |       ||     2
       Scroll            |       |     7 |     2 ||     9
 Stab: Sleeping          |       |     2 |       ||     2
       Distracted        |       |       |     2 ||     2
Armor: Robe              |    27 |    15 |     5 ||    47
Dodge: Dodged            |    87 |   120 |    50 ||   257

Table legend: (Time is in decaauts)
 A = Elapsed time spent in this place.
 B = Non-inter-level travel time spent in this place.
 C = Inter-level travel time spent in this place.
 D = Time resting spent in this place.
 E = Time spent auto-exploring this place.
 F = Levels seen in this place.
 G = Mean time per level.
                   A        B        C        D        E       F      G
               +--------+--------+--------+--------+--------+-----+--------+
         Total |   8048 |   7740 |    308 |    965 |   5335 |   8 | 1006.0 |
       Dungeon |   8048 |   7740 |    308 |    965 |   5335 |   8 | 1006.0 |
               +--------+--------+--------+--------+--------+-----+--------+

Top non-repeatable levels by time:
     D:3: 1546 daAuts
     D:7: 1375 daAuts
     D:5: 1327 daAuts
     D:1: 1083 daAuts
     D:6: 962 daAuts
     D:2: 779 daAuts
     D:4: 745 daAuts
     D:8: 228 daAuts
